[Event "ICC tourney 2479 (75 10)"]
[Site "Internet Chess Club"]
[Date "2021.03.28"]
[Round "5"]
[White "McQuillin, Danil Alsandair:DanilMcQuillin"]
[Black "LI, BOYANG:McTiger"]
[Result "0-1"]
[ICCResult "White resigns"]
[WhiteElo "1193"]
[BlackElo "1361"]
[Opening "English: four knights, kingside fianchetto"]
[ECO "A29"]
[NIC "EO.02"]
[Time "15:31:24"]
[PlyCount "44"]
[TimeControl "4500+10"]

1. c4 e5 2. Nc3 Nf6 3. Nf3 Nc6 4. g3 Bb4 5. Nd5 e4 6. Nxb4 Nxb4 7. Nd4 O-O
8. Bg2 d5 9. cxd5 Qxd5 10. Nb3 Qh5 11. O-O Bh3 12. a3 Nbd5 13. f3 Bxg2 14.
Kxg2 Rfe8 15. e3 Rad8 16. Re1 Qg6 17. f4 b6 18. Nd4 Nxf4+ 19. exf4 Rxd4 20.
Qe2 Rd3 21. b4 Nh5 22. Qf2 Rf3 { White resigns } 0-1

[Event "ICC tourney 2479 (75 10)"]
[Site "Internet Chess Club"]
[Date "2021.03.28"]
[Round "5"]
[White "WANG, ALAN:alanwangmd"]
[Black "GUAN , TSZ YEUNG:DanielGuan"]
[Result "1/2-1/2"]
[ICCResult "Game drawn by mutual agreement"]
[WhiteElo "1340"]
[BlackElo "1280"]
[Opening "Sicilian: Sozin, not Scheveningen"]
[ECO "B57"]
[NIC "SI.25"]
[Time "15:31:18"]
[PlyCount "77"]
[TimeControl "4500+10"]

1. e4 c5 2. Nf3 Nc6 3. d4 cxd4 4. Nxd4 d6 5. Nc3 Nf6 6. Bc4 g6 7. h3 Bg7 8.
Be3 O-O 9. Qd2 Na5 10. Be2 d5 11. e5 Ne8 12. Bh6 Nc6 13. Bxg7 Kxg7 14. Nxc6
bxc6 15. O-O-O Rb8 16. Qd4 Qb6 17. Qxb6 axb6 18. f4 Nc7 19. g4 Bb7 20. f5
c5 21. Rhf1 f6 22. e6 d4 23. Nb5 Nxb5 24. Bxb5 Bg2 25. Rg1 Bd5 26. a3 Bb7
27. Bd7 g5 28. Rd3 Be4 29. Rd2 Rfd8 30. Re1 Ba8 31. h4 h6 32. Rh2 Rh8 33.
h5 Rb7 34. a4 Rc7 35. Rd1 Bc6 36. Bxc6 Rxc6 37. Rd3 Ra8 38. b3 Rd8 39. Rhd2
{ Game drawn by mutual agreement } 1/2-1/2

[Event "ICC tourney 2479 (75 10)"]
[Site "Internet Chess Club"]
[Date "2021.03.28"]
[Round "5"]
[White "COVEY, THEODORE DEAN:VirginiaGuy"]
[Black "Kirumaki, Shreya A:Chesspenguin123"]
[Result "1-0"]
[ICCResult "Black resigns"]
[WhiteElo "1218"]
[BlackElo "1129"]
[Opening "Queen's bishop game"]
[ECO "D02"]
[NIC "QP.08"]
[Time "15:31:25"]
[PlyCount "95"]
[TimeControl "4500+10"]

1. d4 d5 2. Nf3 Nf6 3. Bf4 Nc6 4. e3 Bf5 5. c4 e6 6. Qb3 Bd6 7. Bg3 O-O 8.
Qxb7 Nb4 9. Na3 Qd7 10. Bxd6 Qxd6 11. c5 Rfb8 12. Qxb8+ Rxb8 13. cxd6 cxd6
14. b3 Re8 15. Bb5 Rb8 16. Ba4 Nd3+ 17. Ke2 e5 18. Nh4 Bc8 19. Kxd3 Ne4 20.
Rhf1 Ba6+ 21. Kc2 Rc8+ 22. Kb2 Bxf1 23. Rxf1 exd4 24. exd4 Rb8 25. f3 Ng5
26. Re1 Ne6 27. Nf5 g6 28. Nxd6 Rb4 29. Nc2 Rb6 30. Nb5 Nf4 31. Rg1 Nd3+
32. Kc3 Nf4 33. Kd2 Re6 34. Nc3 f5 35. g3 Nh5 36. Re1 Rxe1 37. Kxe1 Ng7 38.
Nxd5 Ne6 39. Ne7+ Kf7 40. Nc6 f4 41. Nxa7 fxg3 42. hxg3 Ng5 43. Kf2 h5 44.
Nc6 Ne6 45. Ne5+ Kf8 46. Nxg6+ Kg7 47. Nf4 Kh6 48. Nxe6 { Black resigns }
1-0

[Event "ICC tourney 2479 (75 10)"]
[Site "Internet Chess Club"]
[Date "2021.03.28"]
[Round "5"]
[White "PRABHU, VARUN:varunprabhu"]
[Black "CAI, ALBERT:Alberttheshow"]
[Result "1-0"]
[ICCResult "Black checkmated"]
[WhiteElo "699"]
[BlackElo "522"]
[Opening "Giuoco Piano"]
[ECO "C50"]
[NIC "IG.02"]
[Time "15:31:30"]
[PlyCount "133"]
[TimeControl "4500+10"]

1. e4 e5 2. Nf3 Nc6 3. Bc4 Bc5 4. O-O Nf6 5. Nc3 O-O 6. h3 d6 7. d3 Re8 8.
Bg5 h6 9. Be3 Bxe3 10. fxe3 Be6 11. Nd5 Na5 12. Qe1 Nxc4 13. dxc4 Nxe4 14.
Nd2 c6 15. Nc3 Nxc3 16. bxc3 d5 17. cxd5 cxd5 18. Qg3 Qg5 19. Qxg5 hxg5 20.
Nf3 Bf5 21. Nxg5 Bxc2 22. Rxf7 Rad8 23. Rxb7 d4 24. cxd4 exd4 25. exd4 Rxd4
26. Rf1 Bg6 27. Rc1 Rd5 28. Nf3 Be4 29. Re1 Rd1 30. Rxd1 Bxb7 31. Rd7 Bc6
32. Rxa7 Re3 33. Kf2 Re8 34. a4 Ra8 35. Rxa8+ Bxa8 36. a5 Bb7 37. Ke3 Kf8
38. Kd4 Ke7 39. Kc5 Kd7 40. Kb6 Kc8 41. a6 Be4 42. Nh4 g5 43. Nf3 Kd7 44.
Nxg5 Bxg2 45. h4 Ke7 46. h5 Kf6 47. Nh7+ Kg7 48. Ng5 Kh6 49. Nf7+ Kxh5 50.
Ne5 Kg5 51. Nc6 Kf6 52. a7 Kf5 53. a8=Q Kf4 54. Qf8+ Ke4 55. Qg8 Bf3 56.
Nb4 Ke5 57. Kc5 Ke4 58. Qe6+ Kf4 59. Kd4 Kg3 60. Nd3 Kg2 61. Ne1+ Kf2 62.
Kd3 Kf1 63. Kd2 Kf2 64. Qh3 Kg1 65. Nxf3+ Kf2 66. Ne1 Kg1 67. Qg2# { Black
checkmated } 1-0

[Event "ICC tourney 2479 (75 10)"]
[Site "Internet Chess Club"]
[Date "2021.03.28"]
[Round "5"]
[White "Brown, Rodney:bonaparte1984"]
[Black "CAI, ANDREW:minecraftchess"]
[Result "1-0"]
[ICCResult "Black checkmated"]
[WhiteElo "1273"]
[BlackElo "845"]
[Opening "Ruy Lopez: old Steinitz defense"]
[ECO "C62"]
[NIC "RL.02"]
[Time "15:31:29"]
[PlyCount "105"]
[TimeControl "4500+10"]

1. e4 e5 2. Nf3 Nc6 3. Bb5 d6 4. d4 Bd7 5. dxe5 Nxe5 6. Bxd7+ Nxd7 7. Nc3
c6 8. O-O Ngf6 9. Re1 Be7 10. Bf4 O-O 11. Bxd6 Bxd6 12. Qxd6 Re8 13. Rad1
h6 14. e5 Re6 15. Qd2 Re7 16. exf6 Rxe1+ 17. Nxe1 gxf6 18. Qxd7 Qxd7 19.
Rxd7 b6 20. Nf3 a5 21. h3 b5 22. Nd4 Rc8 23. Rd6 c5 24. Ndxb5 Rb8 25. Kf1
Kg7 26. a4 f5 27. Rd5 Kg6 28. Rxc5 Rd8 29. Rd5 Rxd5 30. Nxd5 f6 31. f4 Kf7
32. Na3 Ke6 33. Nxf6 Kxf6 34. Nc4 Ke6 35. Nxa5 Kd5 36. b3 Ke4 37. Kf2 Kxf4
38. Nc4 Ke4 39. Nd6+ Ke5 40. Nxf5 Kxf5 41. a5 Ke5 42. a6 Kd6 43. a7 Kc7 44.
a8=Q Kb6 45. Qc8 Kb5 46. Qc4+ Kb6 47. Ke3 Ka5 48. Kd4 Kb6 49. Kd5 Kb7 50.
Kd6 Kb6 51. Qb4+ Ka6 52. Kc7 Ka7 53. Qa5# { Black checkmated } 1-0

[Event "ICC tourney 2479 (75 10)"]
[Site "Internet Chess Club"]
[Date "2021.03.28"]
[Round "5"]
[White "SHARMA, ABDD:catseyenebula"]
[Black "MANTRI, RISHAB SAI:Rishabmantri"]
[Result "1-0"]
[ICCResult "Black checkmated"]
[WhiteElo "1369"]
[BlackElo "901"]
[Opening "English opening"]
[ECO "A20"]
[NIC "EO.24"]
[Time "15:31:33"]
[PlyCount "75"]
[TimeControl "4500+10"]

1. c4 e5 2. g3 Nf6 3. Bg2 c6 4. Nc3 Bc5 5. e3 d6 6. Nge2 O-O 7. O-O Bg4 8.
d4 exd4 9. exd4 Bb6 10. h3 Be6 11. Qd3 d5 12. c5 Bc7 13. Bg5 Nbd7 14. Rae1
b6 15. b4 Re8 16. f4 Nb8 17. f5 Bd7 18. Nf4 h6 19. Bxf6 Qxf6 20. Rxe8+ Bxe8
21. Re1 Bd7 22. Nfxd5 cxd5 23. Nxd5 Qd8 24. Nxc7 Qxc7 25. Bxa8 bxc5 26.
bxc5 Nc6 27. Bxc6 Bxc6 28. d5 Qd7 29. d6 Bb7 30. Re7 Qc6 31. Rxb7 Qxb7 32.
d7 Qxd7 33. Qxd7 a5 34. c6 a4 35. c7 a3 36. c8=Q+ Kh7 37. Qxf7 h5 38. Qg6#
{ Black checkmated } 1-0

[Event "ICC tourney 2479 (75 10)"]
[Site "Internet Chess Club"]
[Date "2021.03.28"]
[Round "5"]
[White "NAIR, PRANAV PRASANTH:pkcl"]
[Black "FINETTE, STEVEN:chess278"]
[Result "1/2-1/2"]
[ICCResult "Game drawn by mutual agreement"]
[WhiteElo "1284"]
[BlackElo "1323"]
[Opening "Caro-Kann: exchange variation"]
[ECO "B13"]
[NIC "CK.02"]
[Time "15:31:30"]
[PlyCount "78"]
[TimeControl "4500+10"]

1. e4 c6 2. d4 d5 3. exd5 cxd5 4. h3 Nf6 5. Nf3 Bf5 6. Be2 e6 7. a3 Be7 8.
O-O O-O 9. Nc3 a6 10. Be3 Nc6 11. Nh4 Bg6 12. Nxg6 hxg6 13. Bf3 Rc8 14. Qd2
Qc7 15. Bf4 Bd6 16. Bxd6 Qxd6 17. Rad1 Rc7 18. Rfe1 Rfc8 19. Rc1 b5 20. Ne2
a5 21. c3 a4 22. Rb1 Na5 23. Qd1 Nb3 24. Kh1 Kh7 25. Kg1 Rh8 26. Nc1 Na5
27. Be2 Nc4 28. Bxc4 dxc4 29. Qf3 Qd5 30. Qxd5 Nxd5 31. Ne2 Kg8 32. Rbd1
Kf8 33. Nc1 Ke7 34. Ne2 Rcc8 35. Rb1 Rh5 36. Ng3 Rh6 37. Ne2 Rch8 38. Rbd1
g5 39. f3 Kd6 { Game drawn by mutual agreement } 1/2-1/2

[Event "ICC tourney 2479 (75 10)"]
[Site "Internet Chess Club"]
[Date "2021.03.28"]
[Round "5"]
[White "FENG, AARON:aaronfeng"]
[Black "RANA, OLIVER:oliver-kc"]
[Result "1-0"]
[ICCResult "Black checkmated"]
[WhiteElo "1094"]
[BlackElo "882"]
[Opening "Sicilian: Najdorf, 6.f4"]
[ECO "B93"]
[NIC "SI.12"]
[Time "15:31:34"]
[PlyCount "107"]
[TimeControl "4500+10"]

1. e4 c5 2. Nf3 d6 3. d4 cxd4 4. Nxd4 Nf6 5. Nc3 a6 6. f4 e5 7. Nf3 exf4 8.
Bxf4 Bg4 9. Bd3 Be7 10. O-O O-O 11. Rb1 Nc6 12. Qd2 Qd7 13. Nd5 Nxd5 14.
exd5 Na7 15. c4 b5 16. b3 Rac8 17. Rbc1 bxc4 18. Bxc4 Nb5 19. a4 Na7 20.
Bxa6 Rb8 21. Bc4 Qb7 22. Rb1 Bd7 23. Rfe1 Rfe8 24. Qf2 Qc7 25. Nd2 Bf5 26.
Rb2 Bf6 27. Rxe8+ Rxe8 28. Ra2 Qe7 29. Nf3 Bg4 30. Re2 Qd7 31. Rxe8+ Qxe8
32. Qxa7 Bxf3 33. gxf3 Qe1+ 34. Bf1 h6 35. Qf2 Qa1 36. Bxd6 Bd4 37. Bc5
Bxf2+ 38. Bxf2 Qd1 39. Kg2 Qxd5 40. Bc4 Qb7 41. a5 Kf8 42. a6 Qb8 43. a7
Qa8 44. b4 f5 45. b5 Ke7 46. b6 Qc8 47. Bd5 Qd8 48. a8=Q Qxa8 49. Bxa8 Kf7
50. b7 Kg6 51. b8=Q f4 52. Be4+ Kh5 53. Qe5+ g5 54. Qe8# { Black checkmated
} 1-0

[Event "ICC tourney 2479 (75 10)"]
[Site "Internet Chess Club"]
[Date "2021.03.28"]
[Round "5"]
[White "HELLER, JACK G:Maximusiv"]
[Black "Button, Zach Ellis:zbutton"]
[Result "1-0"]
[ICCResult "Black resigns"]
[WhiteElo "932"]
[BlackElo "1316"]
[Opening "Sicilian: Smith-Morra gambit"]
[ECO "B21"]
[NIC "SI.48"]
[Time "15:31:29"]
[PlyCount "115"]
[TimeControl "4500+10"]

1. e4 c5 2. d4 cxd4 3. c3 dxc3 4. Nxc3 e5 5. Nf3 d6 6. Bc4 Nf6 7. O-O Be7
8. Qe2 O-O 9. Rd1 Nc6 10. Bb5 Qc7 11. Be3 a6 12. Ba4 b5 13. Bb3 Bb7 14.
Rac1 Rac8 15. Nd5 Qb8 16. Bb6 Nxd5 17. exd5 Ba8 18. Be3 Na5 19. Bc2 Nc4 20.
Qd3 f5 21. Qb3 Nxe3 22. Qxe3 Rc5 23. Bb3 e4 24. Ne5 Rxc1 25. Rxc1 Rd8 26.
Nc6 Qc7 27. Nxd8 Qxd8 28. Qa7 Bg5 29. Rc7 Bf6 30. Rd7 Qc8 31. Qc7 Qxc7 32.
Rxc7 Bxd5 33. Bxd5+ Kf8 34. Ra7 Bxb2 35. Rxa6 Ke7 36. Rb6 Ba3 37. Rxb5 Kf6
38. Rb6 Ke5 39. Bb3 Kd4 40. Ra6 Bc5 41. a4 d5 42. Rc6 f4 43. a5 e3 44. Kf1
Ba7 45. Rc7 Bb8 46. Rb7 Bd6 47. a6 Bc5 48. a7 Bxa7 49. Rxa7 Kc3 50. Bxd5
Kd2 51. fxe3 fxe3 52. Ra2+ Kd1 53. Bf3+ e2+ 54. Bxe2+ Kc1 55. Bf3 g5 56.
Ke2 h5 57. Kd3 g4 58. Bd5 { Black resigns } 1-0

[Event "ICC tourney 2479 (75 10)"]
[Site "Internet Chess Club"]
[Date "2021.03.28"]
[Round "6"]
[White "LI, BOYANG:McTiger"]
[Black "WANG, ALAN:alanwangmd"]
[Result "1-0"]
[ICCResult "Black resigns"]
[WhiteElo "1361"]
[BlackElo "1340"]
[Opening "Sicilian defense"]
[ECO "B32"]
[NIC "SI.32"]
[Time "19:01:41"]
[PlyCount "37"]
[TimeControl "4500+10"]

1. e4 c5 2. Nf3 Nc6 3. d4 cxd4 4. Nxd4 d6 5. c4 g6 6. Be3 Bd7 7. Nc3 Bg7 8.
Be2 Nf6 9. f3 O-O 10. Qd2 Rc8 11. O-O Ne5 12. b3 a6 13. Nd5 Nxd5 14. exd5
e6 15. f4 Qh4 16. fxe5 dxe5 17. dxe6 exd4 18. Bg5 Qe4 19. exd7 { Black
resigns } 1-0

[Event "ICC tourney 2479 (75 10)"]
[Site "Internet Chess Club"]
[Date "2021.03.28"]
[Round "6"]
[White "HAUGHT-TROMP, MATTHEW:MatthewHT"]
[Black "Wu, Terrain:Brainstormer"]
[Result "1-0"]
[ICCResult "Black checkmated"]
[WhiteElo "1037"]
[BlackElo "605"]
[Opening "Giuoco Piano"]
[ECO "C50"]
[NIC "IG.02"]
[Time "19:02:01"]
[PlyCount "109"]
[TimeControl "4500+10"]

1. e4 e5 2. Nf3 Nc6 3. Bc4 Bc5 4. O-O Nf6 5. c3 O-O 6. d4 exd4 7. cxd4 Bd6
8. e5 Be7 9. exf6 Bxf6 10. d5 Ne5 11. Nxe5 Bxe5 12. Re1 Re8 13. f4 Bd6 14.
Rxe8+ Qxe8 15. Nc3 Qe7 16. Bd2 Bc5+ 17. Kh1 Bd6 18. Qc2 b6 19. Re1 Qf8 20.
Qe4 Bb7 21. Nb5 Bc5 22. Nxc7 Bd6 23. Nb5 Bc5 24. Qd3 Re8 25. Rxe8 Qxe8 26.
d6 a6 27. Nc7 Qf8 28. Bxa6 Bc6 29. Bb5 Bb7 30. Bxd7 Bxd6 31. Nb5 Qe7 32.
Qxd6 Qxd6 33. Nxd6 Ba6 34. Bb5 Bxb5 35. Nxb5 Kf8 36. a4 Ke7 37. b4 Kd7 38.
a5 bxa5 39. bxa5 Kc8 40. a6 Kb8 41. a7+ Ka8 42. Kg1 Kb7 43. Kf2 Ka8 44. Ke3
Kb7 45. Kd3 Ka8 46. Be3 Kb7 47. Kc4 Ka8 48. Nc7+ Kb7 49. a8=Q+ Kxc7 50.
Qa7+ Kd6 51. Qb6+ Kd7 52. Kc5 Ke7 53. Qd6+ Ke8 54. Qc7 Kf8 55. Qd8# { Black
checkmated } 1-0

[Event "ICC tourney 2479 (75 10)"]
[Site "Internet Chess Club"]
[Date "2021.03.28"]
[Round "6"]
[White "RANA, OLIVER:oliver-kc"]
[Black "procopio, Patti:prostripe"]
[Result "1-0"]
[ICCResult "Black checkmated"]
[WhiteElo "882"]
[BlackElo "1223"]
[Opening "English opening"]
[ECO "A16"]
[NIC "EO.64"]
[Time "19:01:43"]
[PlyCount "49"]
[TimeControl "4500+10"]

1. c4 Nf6 2. Nc3 g6 3. Nf3 Bg7 4. g3 O-O 5. Bg2 c6 6. O-O e6 7. d4 d5 8.
cxd5 exd5 9. Bg5 Qb6 10. b3 Nbd7 11. Re1 Re8 12. Qd2 Qa6 13. Bh6 Nb6 14.
Bxg7 Kxg7 15. Ne5 Bf5 16. e4 dxe4 17. Nxe4 Nxe4 18. Bxe4 Be6 19. Bd3 Qa3
20. Re4 Qd6 21. Rh4 h5 22. Qg5 Kf8 23. Qf6 Nd7 24. Nxg6+ Kg8 25. Qh8# {
Black checkmated } 1-0

[Event "ICC tourney 2479 (75 10)"]
[Site "Internet Chess Club"]
[Date "2021.03.28"]
[Round "6"]
[White "MADSEN, STUART:gmstuartscott"]
[Black "STORCK, PHILIP:Pip04"]
[Result "1-0"]
[ICCResult "Black resigns"]
[WhiteElo "981"]
[BlackElo "1168"]
[Opening "Queen's pawn game"]
[ECO "A32"]
[NIC "EO.44"]
[Time "19:02:05"]
[PlyCount "23"]
[TimeControl "4500+10"]

1. d4 Nf6 2. c4 e6 3. Nf3 c5 4. Nc3 cxd4 5. Nxd4 Bb4 6. Bd2 d5 7. e3 e5 8.
Qa4+ Nc6 9. Nxc6 bxc6 10. Qxb4 Qb6 11. Qa3 Qa6 12. Qd6 { Black resigns }
1-0

[Event "ICC tourney 2479 (75 10)"]
[Site "Internet Chess Club"]
[Date "2021.03.28"]
[Round "6"]
[White "FINETTE, STEVEN:chess278"]
[Black "Ramkumar, Nikhil:nikhilramkumar"]
[Result "1-0"]
[ICCResult "Black resigns"]
[WhiteElo "1323"]
[BlackElo "569"]
[Opening "Queen's pawn game, Chigorin variation"]
[ECO "A04"]
[NIC "QP.11"]
[Time "19:02:09"]
[PlyCount "48"]
[TimeControl "4500+10"]

1. Nf3 Nc6 2. d4 d5 3. b3 Bf5 4. Bb2 Nb4 5. Na3 e6 6. c3 Nc6 7. Nc2 a5 8.
e3 Bd6 9. Bb5 Qd7 10. O-O h5 11. c4 Qe7 12. c5 Bxh2+ 13. Kxh2 g5 14. Rh1 g4
15. Ne5 Kf8 16. Bxc6 bxc6 17. Kg1 Qg5 18. Ne1 Be4 19. Qe2 f5 20. f3 gxf3
21. N1xf3 Qg4 22. Nxg4 fxg4 23. Ne5 Ne7 24. Rf1+ Ke8 { Black resigns } 1-0

[Event "ICC tourney 2479 (75 10)"]
[Site "Internet Chess Club"]
[Date "2021.03.28"]
[Round "6"]
[White "VASHISHT, ANEESH:aneeshgm2013"]
[Black "CAI, ALBERT:Alberttheshow"]
[Result "0-1"]
[ICCResult "White checkmated"]
[WhiteElo "698"]
[BlackElo "522"]
[Opening "Benko's opening"]
[ECO "A00"]
[NIC "VO.09"]
[Time "19:01:36"]
[PlyCount "164"]
[TimeControl "4500+10"]

1. g3 e5 2. Bg2 Nf6 3. d3 d5 4. e4 Nc6 5. exd5 Nxd5 6. Nf3 Bg4 7. h3 Bh5 8.
g4 Bg6 9. O-O h5 10. g5 Bc5 11. Qe1 f6 12. gxf6 Qxf6 13. Bg5 Qf5 14. Qc1
Nf6 15. Bxf6 Qxf6 16. Nc3 O-O-O 17. Qg5 Qxg5 18. Nxg5 Rhe8 19. Be4 Bxe4 20.
Ncxe4 Bd4 21. Nf7 Rd7 22. Nfg5 Bxb2 23. Rab1 Bd4 24. c3 Bb6 25. c4 Rxd3 26.
c5 Ba5 27. Rbd1 Red8 28. Rxd3 Rxd3 29. Ng3 Nd4 30. Nf7 Ra3 31. Nxe5 Rxa2
32. Nxh5 Bb4 33. Nxg7 Bxc5 34. h4 Re2 35. f4 Bf8 36. Rd1 Bxg7 37. Rxd4 Bxe5
38. fxe5 Rxe5 39. Rd2 a5 40. Rh2 a4 41. h5 Re8 42. h6 Rh8 43. Ra2 b5 44.
Rb2 Rxh6 45. Rxb5 Ra6 46. Rb2 a3 47. Ra2 Kb7 48. Kf2 Kb6 49. Ke2 Kb5 50.
Kd2 Kb4 51. Kc1 Kb3 52. Kb1 c5 53. Ra1 c4 54. Kc1 c3 55. Rb1+ Ka2 56. Kc2
Rc6 57. Kc1 c2 58. Rb4 Rc3 59. Re4 Kb3 60. Re1 a2 61. Kd2 c1=Q+ 62. Rxc1
Rxc1 63. Kxc1 a1=Q+ 64. Kd2 Qb1 65. Ke3 Qc2 66. Kd4 Qc3+ 67. Ke4 Qg3 68.
Kd4 Qf3 69. Ke5 Qg4 70. Kd5 Qf4 71. Ke6 Qg5 72. Kd6 Qf5 73. Kc6 Qe5 74. Kd7
Qf6 75. Kc7 Qe6 76. Kb7 Qd6 77. Ka7 Qc6 78. Kb8 Qd7 79. Ka8 Kb4 80. Kb8 Kb5
81. Ka8 Kb6 82. Kb8 Qb7# { White checkmated } 0-1

[Event "ICC tourney 2479 (75 10)"]
[Site "Internet Chess Club"]
[Date "2021.03.28"]
[Round "6"]
[White "Goldblatt, Steven:SGOLD9367"]
[Black "Hawkins, Russell:ThatGuyRussell"]
[Result "1-0"]
[ICCResult "Black resigns"]
[WhiteElo "1318"]
[BlackElo "1127"]
[Opening "King's Indian defense, 3.Nc3"]
[ECO "E61"]
[NIC "KI.80"]
[Time "19:01:41"]
[PlyCount "71"]
[TimeControl "4500+10"]

1. d4 Nf6 2. c4 g6 3. Nc3 Bg7 4. Nf3 O-O 5. h3 d6 6. Bf4 Nbd7 7. e3 Re8 8.
Be2 e5 9. dxe5 dxe5 10. Bg3 e4 11. Nd4 a6 12. O-O c5 13. Nb3 b6 14. Qc2 Bb7
15. Rad1 Re6 16. Rd2 Bc6 17. Rfd1 Qe7 18. Bd6 Qd8 19. Bf4 Ne8 20. Nd5 Ra7
21. g3 h6 22. h4 g5 23. Bg4 gxf4 24. Bxe6 fxe6 25. Nxf4 Qf6 26. Nh5 Qe5 27.
Nxg7 Nxg7 28. Rd6 Nf5 29. Rxc6 Nxg3 30. fxg3 Qxg3+ 31. Qg2 Qxg2+ 32. Kxg2
Ne5 33. Rxe6 Rg7+ 34. Kh3 Nd3 35. Rd2 Kf7 36. Rxb6 { Black resigns } 1-0

[Event "ICC tourney 2479 (75 10)"]
[Site "Internet Chess Club"]
[Date "2021.03.28"]
[Round "6"]
[White "MANTRI, RISHAB SAI:Rishabmantri"]
[Black "COVEY, THEODORE DEAN:VirginiaGuy"]
[Result "1/2-1/2"]
[ICCResult "Game drawn by mutual agreement"]
[WhiteElo "901"]
[BlackElo "1218"]
[Opening "Scotch: Steinitz variation"]
[ECO "C45"]
[NIC "SO.04"]
[Time "19:01:40"]
[PlyCount "74"]
[TimeControl "4500+10"]

1. e4 e5 2. Nf3 Nc6 3. d4 exd4 4. Nxd4 Qh4 5. Nc3 Bb4 6. Qd3 Nf6 7. Nxc6
dxc6 8. a3 Bxc3+ 9. bxc3 Qxe4+ 10. Be3 Bf5 11. f3 Qe6 12. Qe2 O-O 13. Kf2
Nd5 14. Bd2 Qxe2+ 15. Bxe2 Bxc2 16. Rac1 Bg6 17. Rhe1 Rfe8 18. g4 Rad8 19.
h4 h6 20. f4 Nf6 21. h5 Bxh5 22. gxh5 Ne4+ 23. Kg2 Rxd2 24. Kf3 Nf6 25.
Rcd1 Rxd1 26. Rxd1 Nxh5 27. Bd3 Nf6 28. Bc2 Nd5 29. Rd3 Kf8 30. Bb3 Nf6 31.
a4 Ne4 32. Rd7 Nd6 33. Rxc7 Rc8 34. Rd7 Ke8 35. Rxd6 Ke7 36. Rd3 f6 37.
Re3+ Kd6 { Game drawn by mutual agreement } 1/2-1/2

[Event "ICC tourney 2479 (75 10)"]
[Site "Internet Chess Club"]
[Date "2021.03.28"]
[Round "6"]
[White "Kirumaki, Shreya A:Chesspenguin123"]
[Black "HELLER, JACK G:Maximusiv"]
[Result "1-0"]
[ICCResult "Black checkmated"]
[WhiteElo "1129"]
[BlackElo "932"]
[Opening "Scandinavian (center counter) defense"]
[ECO "B01"]
[NIC "VO.17"]
[Time "19:01:48"]
[PlyCount "61"]
[TimeControl "4500+10"]

1. e4 d5 2. Bb5+ Nd7 3. exd5 Nf6 4. Nf3 a6 5. Be2 Nxd5 6. d4 c5 7. c3 cxd4
8. cxd4 N7f6 9. Nc3 e6 10. O-O Bd6 11. Re1 O-O 12. Bc4 Qc7 13. Qb3 Nf4 14.
g3 N4h5 15. Ne4 b5 16. Bd3 Bb7 17. Bg5 Bd5 18. Qd1 Qb7 19. Bxf6 Nxf6 20.
Nxf6+ gxf6 21. Nh4 f5 22. Qh5 Be7 23. g4 Bxh4 24. Qxh4 Bh1 25. Bf1 fxg4 26.
Qf6 Qf3 27. Qg5+ Kh8 28. Re3 Qd5 29. Qf6+ Kg8 30. Re5 Qf3 31. Rg5# { Black
checkmated } 1-0

[Event "ICC tourney 2479 (75 10)"]
[Site "Internet Chess Club"]
[Date "2021.03.28"]
[Round "6"]
[White "Button, Zach Ellis:zbutton"]
[Black "YANG, LUCAS:brawnykazoo"]
[Result "1-0"]
[ICCResult "Black resigns"]
[WhiteElo "1316"]
[BlackElo "1098"]
[Opening "QGD: 6.Nf3"]
[ECO "D55"]
[NIC "QO.13"]
[Time "19:02:31"]
[PlyCount "47"]
[TimeControl "4500+10"]

1. c4 e6 2. d4 d5 3. Nc3 Nf6 4. Bg5 Be7 5. Nf3 O-O 6. e3 b6 7. cxd5 exd5 8.
Be2 Bb7 9. O-O Nbd7 10. Rc1 c5 11. b3 h6 12. Bh4 Ne4 13. Bxe7 Qxe7 14. dxc5
Nxc3 15. Rxc3 bxc5 16. Qc2 Rac8 17. Rd1 Rfd8 18. Ne1 Rc7 19. b4 Qg5 20.
bxc5 d4 21. exd4 Re8 22. c6 Bxc6 23. Rxc6 Re3 24. Rxc7 { Black resigns }
1-0

[Event "ICC tourney 2479 (75 10)"]
[Site "Internet Chess Club"]
[Date "2021.03.28"]
[Round "6"]
[White "CAI, ANDREW:minecraftchess"]
[Black "DHANANJEYAN, TARUN:sudhaparthi"]
[Result "0-1"]
[ICCResult "White checkmated"]
[WhiteElo "845"]
[BlackElo "1104"]
[Opening "Giuoco Piano"]
[ECO "C50"]
[NIC "IG.02"]
[Time "19:01:42"]
[PlyCount "116"]
[TimeControl "4500+10"]

1. e4 e5 2. Nf3 Nc6 3. Bc4 Bc5 4. O-O d6 5. c3 Bg4 6. h3 Bh5 7. d3 h6 8.
Be3 Bxe3 9. fxe3 Nf6 10. d4 Nxe4 11. Nbd2 Ng3 12. Rf2 e4 13. Kh2 exf3 14.
Kxg3 Qg5+ 15. Kh2 fxg2 16. Qg1 O-O 17. Rxg2 Qf6 18. Rf1 Qe7 19. Rxg7+ Kh8
20. Qg2 Bg6 21. Bxf7 Bxf7 22. Rg1 Rg8 23. Rg4 Rxg4 24. Qxg4 Rg8 25. Qd1
Rxg1 26. Qxg1 Qg5 27. Qxg5 hxg5 28. Ne4 Bxa2 29. Nxg5 Na5 30. h4 Nc4 31. h5
Nxe3 32. h6 Ng4+ 33. Kg3 Nxh6 34. Kf4 Kg7 35. Ne6+ Bxe6 36. Ke4 b5 37. d5
Bf7 38. Kd4 c5+ 39. Kd3 a5 40. c4 b4 41. b3 Bg6+ 42. Kd2 Ng4 43. Kc1 Nf2
44. Kb2 Kf6 45. Kc1 Ke5 46. Kd2 Kd4 47. Kc1 Nh3 48. Kb2 Kd3 49. Ka2 Kc3 50.
Ka1 Nf4 51. Ka2 Bh5 52. Ka1 Kxb3 53. Kb1 a4 54. Ka1 Kc2 55. Ka2 b3+ 56. Ka1
b2+ 57. Ka2 b1=Q+ 58. Ka3 Qb3# { White checkmated } 0-1

[Event "ICC tourney 2479 (75 10)"]
[Site "Internet Chess Club"]
[Date "2021.03.28"]
[Round "6"]
[White "SRIPADA, ANISHA:waterycargo"]
[Black "PRABHU, VARUN:varunprabhu"]
[Result "1-0"]
[ICCResult "Black forfeits on time"]
[WhiteElo "1241"]
[BlackElo "699"]
[Opening "Queen's pawn, Mason variation"]
[ECO "D00"]
[NIC "QP.08"]
[Time "19:01:45"]
[PlyCount "57"]
[TimeControl "4500+10"]

1. d4 d5 2. Bf4 Bf5 3. c4 Nf6 4. Nc3 c6 5. e3 e6 6. Qb3 b6 7. Nf3 Nbd7 8.
Be2 Be7 9. O-O O-O 10. Ne5 Bd6 11. Nxc6 Qc7 12. Bxd6 Qxd6 13. cxd5 exd5 14.
Nb4 Bg4 15. Bd3 Be6 16. h3 Nb8 17. Be2 Qd7 18. Bf3 Rd8 19. Rac1 Bxh3 20.
Nbxd5 Nxd5 21. Bxd5 Qg4 22. Bxa8 Rd6 23. Qb5 Nd7 24. Bf3 Qg6 25. Ne4 Bf5
26. Rc8+ Nf8 27. Nxd6 Qxd6 28. Rc3 Bd7 29. Qd3 { Black forfeits on time }
1-0

[Event "ICC tourney 2479 (75 10)"]
[Site "Internet Chess Club"]
[Date "2021.03.28"]
[Round "6"]
[White "FENG, AARON:aaronfeng"]
[Black "NAIR, PRANAV PRASANTH:pkcl"]
[Result "1/2-1/2"]
[ICCResult "Game drawn by repetition"]
[WhiteElo "1094"]
[BlackElo "1284"]
[Opening "Ruy Lopez: closed, Smyslov defense"]
[ECO "C93"]
[NIC "RL.22"]
[Time "19:01:39"]
[PlyCount "86"]
[TimeControl "4500+10"]

1. e4 e5 2. Nf3 Nc6 3. Bb5 a6 4. Ba4 b5 5. Bb3 h6 6. O-O Nf6 7. Re1 d6 8.
c3 Be7 9. h3 O-O 10. d4 exd4 11. cxd4 Bd7 12. Nbd2 Qc8 13. Re3 Re8 14. Bc2
Bd8 15. Nf1 Na7 16. Ng3 Nh7 17. Re1 c5 18. d5 Ba5 19. Bd2 Bxd2 20. Qxd2 Qd8
21. Rac1 Nc8 22. Nh2 a5 23. f4 f6 24. Nf3 Qc7 25. Nh4 Nf8 26. Nhf5 Bxf5 27.
Nxf5 Ne7 28. Ng3 Rad8 29. a4 b4 30. b3 Nfg6 31. Rf1 Qb6 32. Kh1 Rf8 33. Qd3
Rfe8 34. Kh2 Rf8 35. Kh1 Rfe8 36. Kh2 Rf8 37. Kh1 Rfe8 38. Kh2 Rf8 39. Kh1
Rfe8 40. Kh2 Rf8 41. Kh1 Rfe8 42. Kh2 Rf8 43. Kh1 Rfe8 { Game drawn by
repetition } 1/2-1/2